 Dungeon Crawl Stone Soup version 0.26-a0-660-gc07710193c (webtiles) character file.

Game seed: 13976944047478092928

47 jestyr24 the Conjurer (level 3, 0/27 HPs)
             Began as a Draconian Conjurer on Oct 7, 2020.
             Slain by Crazy Yiuf
             ... wielding a +4 quarterstaff of chaos
              (5 damage)
             ... on level 2 of the Dungeon.
             The game lasted 00:10:45 (2229 turns).

jestyr24 the Conjurer (Draconian Conjurer)          Turns: 2229, Time: 00:10:45

Health: 0/27       AC:  6    Str:  9    XL:     3   Next: 48%
Magic:  2/6        EV: 12    Int: 19    God:
Gold:   47         SH:  0    Dex:  9    Spells: 3/6 levels left

rFire    + . .     SeeInvis .   b - +0 dagger
rCold    . . .     Faith    .   (no shield)
rNeg     . . .     Spirit   .   (armour unavailable)
rPois    .         Reflect  .   (helmet restricted)
rElec    .         Harm     .   f - +0 cloak
rCorr    .         Rampage  .   (no gloves)
MR       .....                  (no boots)
Stlth    ++........             (no amulet)
HPRegen  0.09/turn              d - ring of protection from fire
MPRegen  0.10/turn              k - ring of flight

@: lethally poisoned (0 -> -9), slowed, very slow
A: unfitting armour, cold-blooded, AC +5
a: Evoke Flight


You were on level 2 of the Dungeon.
You visited 1 branch of the dungeon, and saw 2 of its levels.

You collected 47 gold pieces.

Inventory:

Hand Weapons
 b - a +0 dagger (weapon)
Missiles
 g - 33 poisoned darts (quivered)
 l - 2 javelins
Armour
 f - a +0 cloak (worn)
Jewellery
 d - a ring of protection from fire (left hand)
 k - a ring of flight (right hand)
Scrolls
 a - a scroll of magic mapping {unknown}
 h - 2 scrolls of identify {unknown}
 j - a scroll of fear {unknown}
Potions
 c - a potion of heal wounds {unknown}
 i - a potion of lignification {unknown}


   Skills:
 * Level 0.6 Fighting
 * Level 2.0 Dodging
 * Level 2.0 Stealth
 * Level 2.1 Spellcasting
 * Level 4.7 Conjurations
 * Level 0.6 Evocations


You had 3 spell levels left.
You knew the following spells:

 Your Spells              Type           Power        Failure   Level
a - Magic Dart            Conj           ###.         2%          1
b - Searing Ray           Conj           ###...       3%          2

Your spell library contained the following spells:

 Spells                   Type           Power        Failure   Level
 Dazzling Flash           Conj/Hex       ##....       19%         3
 Fulminant Prism          Conj/Hex       ##........   54%         4
 Iskenderun's Mystic Bla  Conj/Tloc      ##......     54%         4


Dungeon Overview and Level Annotations

Branches:
Dungeon (2/15)

Altars:

Annotations:
D:2 Crazy Yiuf


Innate Abilities, Weirdness & Mutations

Your plain brown scales are hard. (AC +5)
You cannot fit into any form of body armour.
You are cold-blooded and may be slowed by cold attacks.


Message History

Confirm with . or Enter, or press ? or * to list all spells.
Aiming: Searing Ray (safe; 3% risk of failure)
Press: ? - help, Shift-Dir - straight line, f - Crazy Yiuf
Aim: Crazy Yiuf, wielding a +4 quarterstaff of chaos and wearing a +0 cloak The searing ray hits Crazy Yiuf!
Crazy Yiuf is moderately wounded. (Press . to maintain the ray.) Crazy Yiuf hits you with a +4 quarterstaff of chaos!
You are poisoned.
The searing ray hits Crazy Yiuf!
Crazy Yiuf is severely wounded.
You feel sick.
Crazy Yiuf whimpers, "Goober mobile ragdoll!"
Crazy Yiuf hits you with a +4 quarterstaff of chaos.
The searing ray misses Crazy Yiuf.
You feel sick.
Crazy Yiuf flaps his cloak.
Crazy Yiuf hits you with a +4 quarterstaff of chaos!
* * * LOW HITPOINT WARNING * * *
You feel yourself slow down. Crazy Yiuf freezes you.
You die...

#.....#########
############
####...........
.....).†...#
#..#########
...(.......#
##### #..#
####.####.##
#).)# #### #
#....).# #)))#
. ########..#
))) #.# #
..÷..# #..# #g#
#.# #
.###.###..##
♣♣@♣ #.# # .#
#.......# ♣)♣♣
#.# #
.###......##
♣♣)♣ #.# #
..........#
♣)♣♣ #.# #
####.###.##
♣♣)♣♣ #.# ### #
#.# #.# ♣)P.♣♣
###.## ##.. #
#.###.###
♣P.P.♣
#....####.<. #
#.......#
#....#
#.#......... #
#..######
##..##
#....####...


You could see Crazy Yiuf.

Vanquished Creatures
  A worm (D:2)
  A dart slug (D:1)
  3 leopard geckos (D:1)
  2 ball pythons (D:2)
  2 giant cockroaches (D:1)
  3 goblins (D:1)
  4 hobgoblins
  3 jackals (D:2)
  5 kobolds
  A quokka (D:2)
  5 bats
  6 frilled lizards
  2 rats (D:1)
38 creatures vanquished.

Notes
Turn   | Place    | Note
-------+----------+-------------------------------------------
     0 | D:1      | jestyr24 the Draconian Conjurer began the quest for the
                  | Orb.
     0 | D:1      | Reached XP level 1. HP: 14/14 MP: 3/3
   392 | D:1      | Reached XP level 2. HP: 20/20 MP: 0/5
   704 | D:1      | Learned a level 2 spell: Searing Ray
   983 | D:1      | Reached XP level 3. HP: 27/27 MP: 3/6
  2222 | D:2      | Found a runed translucent door.
  2223 | D:2      | Noticed Crazy Yiuf
  2229 | D:2      | Slain by Crazy Yiuf

Illustrated notes

Levels and vault maps discovered:
D:1:      roderic_octagonal_star, layout_basic
D:2:      layout_loops_ring, serial_forest, infiniplex_forest_lined_room_2,
          infiniplex_forest_lined_4_way, infiniplex_forest_zigzag_2,
          infiniplex_forest_lined_room_, infiniplex_forest_lined_3_way,
          infiniplex_forest_clump_small, infiniplex_forest_straight_2,
          minmay_misc_feat_roman, uniq_crazy_yiuf_cottage

Skill      XL: |  1  2 |
---------------+-------+-----
Dodging        | 2 |  2.0
Stealth        | 2 |  2.0
Fighting       | |  0.6
Spellcasting   | |  2.1
Conjurations   | |  4.7
Evocations     | |  0.6

Action                   || total
-------------------------++-------
Melee: Unarmed           ||    23
       Dagger            ||    21
       Club              ||     3
Throw: Stone             ||     2
 Cast: Magic Dart        ||    50
       Searing Ray       ||     9
  Use: Scroll            ||     2
 Stab: Sleeping          ||     3
Armor: Skin              ||    12
Dodge: Dodged            ||    34

Table legend: (Time is in decaauts)
 A = Elapsed time spent in this place.
 B = Non-inter-level travel time spent in this place.
 C = Inter-level travel time spent in this place.
 D = Time resting spent in this place.
 E = Time spent auto-exploring this place.
 F = Levels seen in this place.
 G = Mean time per level.
                   A        B        C        D        E       F      G
               +--------+--------+--------+--------+--------+-----+--------+
         Total |   2225 |   2207 |     18 |    557 |   1231 |   2 | 1112.5 |
       Dungeon |   2225 |   2207 |     18 |    557 |   1231 |   2 | 1112.5 |
               +--------+--------+--------+--------+--------+-----+--------+

Top non-repeatable levels by time:
     D:1: 1314 daAuts
     D:2: 911 daAuts
